 Dungeon Crawl Stone Soup version 0.27.1-3-gb3d3a73c9e (webtiles) character file.

Game seed: 1227186690298014425

344 Borgoz the Skirmisher (level 6, -3/60 HPs)
             Began as a Gargoyle Berserker on Oct 30, 2021.
             Was a Believer of Trog.
             Slain by a killer bee (7 damage)
             ... on level 4 of the Dungeon.
             The game lasted 00:03:16 (3561 turns).

Borgoz the Skirmisher (Gargoyle Berserker)          Turns: 3561, Time: 00:03:17

Health: -3/60      AC: 11    Str: 22    XL:     6   Next: 58%
Magic:  6/6        EV: 10    Int:  8    God:    Trog [**....]
Gold:   277        SH:  0    Dex:  9    Spells: 5/5 levels left

rFire    . . .     SeeInvis .   a - +0 mace
rCold    . . .     Faith    .   (no shield)
rNeg     + . .     Spirit   .   g - +0 scale mail
rPois    ∞         Reflect  .   (no helmet)
rElec    +         Harm     .   (no cloak)
rCorr    .         Rampage  .   (no gloves)
Will     +....                  (no boots)
Stlth    ..........             (no amulet)
HPRegen  0.20/turn              q - ring of willpower
MPRegen  0.10/turn              (no ring)

@: berserking (expiring), very quick
A: sickness immunity, AC +4, negative energy resistance 1, electricity
resistance, torment resistance 1, petrification resistance
a: Renounce Religion, Berserk, Trog's Hand


You were on level 4 of the Dungeon.
You worshipped Trog.
Trog was pleased with you.
You visited 1 branch of the dungeon, and saw 4 of its levels.

You collected 277 gold pieces.

Inventory:

Hand Weapons
 a - a +0 mace (weapon)
Armour
 g - a +0 scale mail (worn)
Jewellery
 q - a ring of willpower (left hand)
Wands
 m - a wand of flame (21)
Scrolls
 d - 2 scrolls of teleportation
 e - a scroll of fog
 f - a scroll of blinking {unknown}
 i - a scroll of enchant weapon {unknown}
 j - a scroll of acquirement {unknown}
 k - a scroll of immolation {unknown}
Potions
 b - a potion of curing
 c - 3 potions of attraction {unknown}
 h - 2 potions of magic {unknown}
 l - a potion of might {unknown}
 n - a potion of heal wounds {unknown}
 o - a potion of haste {unknown}
 p - a potion of flight {unknown}


   Skills:
 + Level 4.8 Fighting
 + Level 4.4 Maces & Flails
 + Level 4.1 Armour
 + Level 3.0 Dodging


You had 5 spell levels left.
You didn't know any spells.
Your spell library was empty.

Dungeon Overview and Level Annotations

Branches:
Dungeon (4/15)
 Temple: D:4-7

Altars:
Kikubaaqudgha

Shops:
D:3 [


Innate Abilities, Weirdness & Mutations

You are immune to sickness and miasma.
Your stone body is resilient. (AC +4)
You are immune to poison.
You resist negative energy. (rN+)
You are resistant to electric shocks. (rElec)
You are resistant to unholy torment.
You are immune to petrification.


Message History

The killer bee stings you but does no damage.
The ball python bites you but does no damage.
The ball python constricts you.
You barely miss the ball python.
The killer bee stings you but does no damage.
The ball python completely misses you. The ball python constricts you.
The killer bee stings you but does no damage.
Your scale mail prevents you from hitting the ball python.
The killer bee barely misses you. The ball python closely misses you.
The ball python constricts you.
* * * LOW HITPOINT WARNING * * *
You closely miss the ball python. The killer bee barely misses you.
The killer bee stings you!
* * * LOW HITPOINT WARNING * * *
The ball python bites you but does no damage.
The ball python constricts you.
* * * LOW HITPOINT WARNING * * *
You closely miss the ball python. The killer bee stings you!
* * * LOW HITPOINT WARNING * * *
The ball python bites you but does no damage.
The ball python constricts you.
The killer bee stings you but does no damage.
You thump the ball python!
You kill the ball python!
Trog accepts your kill. The killer bee closely misses you.
You closely miss the killer bee.
The killer bee is almost dead.
The killer bee barely misses you.
The killer bee stings you but does no damage.
The hobgoblin hits you but does no damage.
You miss the killer bee.
The killer bee is almost dead.
The killer bee stings you but does no damage.
The hobgoblin hits you but does no damage.
The killer bee stings you but does no damage.
You miss the killer bee.
The killer bee is almost dead.
The killer bee stings you!
You die...

##.###.###...###
#....
...........#...#
#...#
###.##.###...#.#
#...##### #....#
##.##.# #o.......
#..###
#.##.#####Z....##
#..#
#.##.#.oZ..o......
##..#
#.##.oooo..#.#.###
##...##
#.####g#####.# #
#..#..## #.# #@# #
#.###..# #.# #y#
#..#...# #.# #y#
##...#.####.####.##
##.......<........
##.<..###.#####.#.
#.......#.#####.#
##................
.......#.#######..


You could see 2 killer bees, 4 orcs, a hobgoblin and a hound skeleton.

Vanquished Creatures
  A water moccasin (D:3)
  A killer bee (D:4)
  A centaur skeleton (D:3)
  Jessica (D:3)
  A gnoll (D:1)
  6 adders
  An ufetubus (D:4)
  An adder skeleton (D:4)
  A worm (D:2)
  4 orcs
  4 ball pythons
  4 bats
  8 endoplasms
  A giant cockroach (D:4)
  4 goblins
  5 hobgoblins
  13 kobolds
  A quokka (D:3)
  A frilled lizard (D:2)
  6 rats
65 creatures vanquished.

Notes
Turn   | Place    | Note
-------+----------+-------------------------------------------
     0 | D:1      | Borgoz the Gargoyle Berserker began the quest for the Orb.
     0 | D:1      | Reached XP level 1. HP: 14/14 MP: 1/1
   275 | D:1      | Reached XP level 2. HP: 15/19 MP: 2/2
   737 | D:1      | Found a faded altar of an unknown god.
   777 | D:1      | Reached XP level 3. HP: 23/23 MP: 3/3
  1543 | D:2      | Reached ** piety under Trog
  1544 | D:2      | Reached XP level 4. HP: 19/29 MP: 4/4
  1708 | D:2      | Found an ancient bone altar of Kikubaaqudgha.
  2432 | D:3      | Found Vabroem's Armour Shop.
  2480 | D:3      | Noticed Jessica
  2484 | D:3      | Killed Jessica
  2485 | D:3      | Reached XP level 5. HP: 33/33 MP: 5/5
  2896 | D:3      | Noticed a water moccasin
  2901 | D:3      | Killed a water moccasin
  2902 | D:3      | Reached XP level 6. HP: 39/39 MP: 6/6
  3557 | D:4      | HP: 3/60 [killer bee (7)]
  3561 | D:4      | Slain by a killer bee

Illustrated notes

Levels and vault maps discovered:
D:1:      scummos_arrival_star, layout_rooms,
          dreamdust_ecumenical_altar_sealed_demon, minmay_pentomino_p4
D:2:      layout_loops_ring, basic_altar
D:3:      layout_basic, serial_shops, shop_coins, hangedman_decor_push,
          minmay_misc_feat_iff, uniq_jessica
D:4:      layout_loops_ring, gammafunk_temple_overflow_forgotten, uniq_ijyb,
          uniq_edmund

Skill      XL: |  1  2  3  4  5  6 |
---------------+-------------------+-----
Dodging        | 2 3 |  3.0
Armour         | 3 4 |  4.1
Fighting       | 4 |  4.8
Maces & Flails | 4 |  4.4

Action                   |  1- 3 |  4- 6 || total
-------------------------+-------+-------++-------
Melee: Mace              |    85 |   135 ||   220
Invok: Berserk           |     4 |     2 ||     6
       Trog's Hand       |       |     1 ||     1
  Use: Scroll            |       |     4 ||     4
Armor: Animal skin       |     5 |       ||     5
       Scale mail        |    30 |   122 ||   152
Dodge: Dodged            |    69 |    88 ||   157
